 Dungeon Crawl Stone Soup version 0.25-a0-544-gee0576305d (webtiles) character file.

Game seed: 7835177222912739618, levelgen mode: classic

8997 EnegeticOcto the Cleaver (level 11, -3/104 HPs)
             Began as a Deep Dwarf Fighter on Feb 20, 2020.
             Was a Priest of Makhleb.
             Slain by an orc warrior
             ... wielding a +0 hand axe
              (13 damage)
             ... on level 11 of the Dungeon.
             The game lasted 00:05:19 (5635 turns).

EnegeticOcto the Cleaver (Deep Dwarf Fighter)       Turns: 5635, Time: 00:05:19

Health: -3/104     AC: 15    Str: 24    XL:     11   Next: 17%
Magic:  0/0        EV: 10    Int:  8    God:    Makhleb [***...]
Gold:   531        SH: 11    Dex: 12    Spells: 10/10 levels left

rFire    . . .     SeeInvis .   a - +1 war axe
rCold    . . .     Gourm    .   c - +0 kite shield
rNeg     . . .     Faith    .   g - +0 chain mail {rPois}
rPois    +         Spirit   .   (no helmet)
rElec    .         Reflect  .   d - +0 cloak
rCorr    .         Harm     .   s - +1 pair of gloves
MR       +....                  y - +0 pair of boots (curse)
Stlth    ..........             (no amulet)
HPRegen  0.00/turn              (no ring)
MPRegen  0.07/turn              (no ring)

@: non-regenerating
A: damage resistance, heal wounds, sense surroundings 2, no regeneration
a: Heal Wounds, Minor Destruction, Lesser Servant of Makhleb, Renounce Religion


You were on level 11 of the Dungeon.
You worshipped Makhleb.
Makhleb was most pleased with you.
You were hungry.

You visited 1 branch of the dungeon, and saw 11 of its levels.

You collected 531 gold pieces.

Inventory:

Hand Weapons
 a - a +1 war axe (weapon)
Armour
 c - a +0 kite shield (worn)
 d - a +0 cloak (worn)
 g - a +0 chain mail of poison resistance (worn)
 s - a +1 pair of gloves (worn)
 y - a cursed +0 pair of boots (worn)
Wands
 t - a wand of paralysis (8)
 w - a wand of digging (4) {@v2}
 x - a wand of disintegration (15)
 z - a wand of flame (6)
Scrolls
 f - 8 scrolls of remove curse {@r6}
 h - 4 scrolls of teleportation {@r2}
 i - 3 scrolls of enchant weapon
 l - 3 scrolls of amnesia
 p - a scroll of immolation {@r4}
Potions
 k - a potion of might {@q3}
 m - a potion of degeneration {unknown}
 n - a potion of haste {@q4}
 o - 2 potions of curing {@q1}
 q - a potion of stabbing {unknown}
 A - a potion of ambrosia
Comestibles
 e - 19 rations


   Skills:
 * Level 8.4 Fighting
 * Level 9.7 Axes
 + Level 7.4 Armour
 + Level 6.4 Dodging
 + Level 7.4 Shields
 * Level 9.1 Invocations


You had 10 spell levels left.
You didn't know any spells.
Your spell library was empty.

Dungeon Overview and Level Annotations

Branches:
Dungeon (11/15)            Temple (0/1) D:5            Lair (0/6) D:11
    Orc: D:9-12

Altars:
Ashenzari
Dithmenos
Hepliaklqana
Makhleb
Nemelex Xobeh
Sif Muna
Xom

Annotations:
D:11 Fannar


Innate Abilities, Weirdness & Mutations

You are resistant to damage.
You can heal yourself by infusing magical energy.
You passively map the area around you.
You do not regenerate.


Message History

You miss Fannar.
Fannar is heavily wounded.
You closely miss the warg. The warg bites you but does no damage.
Fannar casts a spell.
The warg bites you but does no damage.
Your neqoxec misses Fannar.
Your chain mail prevents you from hitting Fannar.
Fannar is heavily wounded.
You closely miss the warg. You block Fannar's attack.
An orc priest comes into view. It is wielding a +0 short sword.
You block the warg's attack.
Your neqoxec misses Fannar. You barely miss Fannar.
Fannar is heavily wounded.
You hit the warg but do no damage. The warg completely misses you.
Fannar hits you but does no damage. Fannar freezes you!
* * * LOW HITPOINT WARNING * * *
Your neqoxec gestures.
The warg bites you but does no damage.
You slash Fannar!
Fannar is heavily wounded.
You hit the warg.
Your iron imp disappears in a puff of smoke!
Fannar barely misses you. You block the warg's attack.
Your neqoxec barely misses the warg.
You hit Fannar.
Fannar is heavily wounded.
You slash the warg! You block the warg's attack. Fannar barely misses you.
Your neqoxec gestures at Fannar.
Fannar twists and deforms.
You slash Fannar!
Fannar is severely wounded.
You hit the warg but do no damage. You block the warg's attack.
Fannar casts a spell.
Your neqoxec hits the warg!
The warg dies!
Makhleb accepts your kill.
You miss Fannar.
Fannar is severely wounded.
You slash the orc!
You kill the orc!
Makhleb accepts your kill. You block Fannar's attack.
Your neqoxec hits the orc warrior. You completely miss Fannar.
Fannar is severely wounded.
You barely miss the orc warrior. You block the orc warrior's attack.
The orc warrior hits your neqoxec with a +0 hand axe!
The orc priest calls down the wrath of Beogh upon you.
Beogh smites you!
* * * LOW HITPOINT WARNING * * *
Fannar gestures wildly while chanting.
Your neqoxec barely misses the orc warrior.
You slash Fannar!
Fannar is almost dead.
You closely miss the orc warrior. You block the orc warrior's attack.
The orc warrior closely misses your neqoxec.
Your neqoxec hits the orc warrior. Fannar hits you but does no damage.
Fannar freezes you.
* * * LOW HITPOINT WARNING * * *
You closely miss Fannar.
Fannar is severely wounded.
Your shield and chain mail prevent you from hitting the orc warrior.
Your ufetubus disappears in a puff of smoke!
The orc warrior closely misses you.
The orc warrior completely misses your neqoxec.
Your neqoxec hits Fannar! You barely miss the ice beast.
Your shield prevents you from hitting the orc warrior.
Fannar casts a spell.
Fannar blinks!
You block the orc warrior's attack.
The orc warrior hits your neqoxec with a +0 hand axe.
Your neqoxec hits the orc warrior. Your neqoxec misses the orc warrior.
You slash the ice beast!
The ice beast is moderately wounded.
You slash the orc warrior! You block the orc warrior's attack.
The orc warrior misses your neqoxec. The ice beast hits your neqoxec.
The ice beast freezes your neqoxec!
Your neqoxec hits the ice beast!
Fannar drinks a potion.
Fannar is healed!
The ice beast hits your neqoxec. The ice beast freezes your neqoxec!
Your neqoxec dies!
Your ufetubus disappears in a puff of smoke!
Your shadow imp disappears in a puff of smoke!
You hit the ice beast but do no damage.
The ice beast is severely wounded.
You closely miss the orc warrior. You block the orc warrior's attack.
The orc warrior hits you with a +0 hand axe.
* * * LOW HITPOINT WARNING * * *
The ice beast hits you but does no damage.
An orc priest comes into view.
The ice beast hits you but does no damage.
Fannar drinks a potion.
Fannar is healed!
The ice beast hits you but does no damage.
Things that are here:
a throwing net; a warg corpse You closely miss the ice beast.
The orc priest shouts!
You hit the ice beast.
Your shield and chain mail prevent you from hitting the ice beast.
You closely miss the orc warrior.
You hear a shout!
The orc warrior hits you with a +0 hand axe!
You die...

*** #### *,****#######.<#
*,,,,*.........# *,**,*.######..#
*,*,<*,* #Y.# *,****,* #@o#
*,,,,*,* #YY# ****,*,* #eo#
***,*,* #..#
*****,,,*,*****#..#**************
,,,,,,,,,,,,,,,....,,,,,,,,,,,,,,
***,*,***,*****#..#************,*
*,*,* *,* #o..,,,,,,,,,,,,,,
*,*,* *,* ***,,,,,**********,*


You could see Fannar, an orc warrior, 3 ice beasts and 2 orc priests.

Vanquished Creatures
  Erica (D:10)
  An unseen horror (D:10)
  A skeletal warrior (D:10)
  A manticore (D:10)
  A gargoyle (D:10)
  2 trolls
  A spriggan (D:7)
  A wyvern (D:8)
  3 hungry ghosts
  A sky beast (D:10)
  4 orc warriors
  3 eyes of draining
  An ice beast (D:4)
  8 ogres
  A phantom (D:4)
  4 centaurs
  2 big kobolds (D:8)
  6 bullfrogs
  2 wyvern skeletons
  2 scorpions (D:9)
  14 killer bees
  A howler monkey (D:9)
  4 crimson imps
  2 jellies
  3 centaur zombies
  7 hounds
  2 bullfrog zombies
  8 orc priests
  A bullfrog skeleton (D:9)
  3 orc wizards
  3 iguanas
  13 worker ants
  A killer bee zombie (D:5)
  A hound skeleton (D:6)
  2 worker ant zombies
  4 gnolls (D:7)
  2 howler monkey skeletons
  14 adders
  2 shadow imps
  An ooze (D:2)
  2 adder skeletons
  2 worms
  2 leopard geckos
  30 orcs
  3 giant cockroaches
  2 goblins
  A hobgoblin (D:1)
  4 jackals (D:5)
  6 quokkas
  5 bats
  2 frilled lizards (D:4)
  A jackal skeleton (D:7)
  15 kobolds
  2 leopard gecko zombies
  A quokka skeleton (D:4)
  2 quokka zombies
  2 rats
216 creatures vanquished.

Vanquished Creatures (collateral kills)
  2 skeletal warriors (D:10)
  A hippogriff (D:11)
  2 wargs (D:11)
  A bullfrog (D:10)
  A shadow imp (D:10)
7 creatures vanquished.

Grand Total: 223 creatures vanquished

Notes
Turn   | Place    | Note
-------+----------+-------------------------------------------
     0 | D:1      | EnegeticOcto the Deep Dwarf Fighter began the quest for the
                  | Orb.
     0 | D:1      | Reached XP level 1. HP: 20/20 MP: 1/1
   208 | D:2      | Reached XP level 2. HP: 27/27 MP: 2/2
   261 | D:2      | Reached XP level 3. HP: 27/34 MP: 3/3
   364 | D:3      | Reached skill level 1 in Dodging
   364 | D:3      | Reached XP level 4. HP: 29/42 MP: 4/4
   401 | D:4      | Noticed a phantom
   451 | D:4      | Killed a phantom
   451 | D:4      | Reached XP level 5. HP: 33/50 MP: 4/4
   509 | D:4      | Noticed an ogre
   521 | D:4      | Killed an ogre
   521 | D:4      | Reached XP level 6. HP: 40/57 MP: 4/4
   696 | D:4      | Noticed an ice beast
   705 | D:4      | Killed an ice beast
   735 | D:4      | Reached XP level 7. HP: 38/66 MP: 5/5
  1042 | D:5      | Entered Level 5 of the Dungeon
  1053 | D:5      | Reached skill level 5 in Axes
  1143 | D:5      | Reached skill level 5 in Fighting
  1384 | D:5      | Found a shimmering altar of Xom.
  1384 | D:5      | Found a hazy altar of Hepliaklqana.
  1384 | D:5      | Found a shimmering blue altar of Sif Muna.
  1384 | D:5      | Found a shadowy altar of Dithmenos.
  1405 | D:5      | Found a shattered altar of Ashenzari.
  1410 | D:5      | Found a burning altar of Makhleb.
  1490 | D:5      | Found a staircase to the Ecumenical Temple.
  1494 | D:5      | Reached skill level 5 in Armour
  1494 | D:5      | Reached skill level 5 in Shields
  1581 | D:5      | Became a worshipper of Makhleb the Destroyer
  1656 | D:6      | Reached XP level 8. HP: 65/74 MP: 5/5
  1709 | D:6      | Reached skill level 1 in Invocations
  2052 | D:6      | Reached * piety under Makhleb
  2849 | D:7      | Gained mutation: You passively map the area around you.
                  | [Deep Dwarf growth]
  2849 | D:7      | Reached XP level 9. HP: 40/82 MP: 6/6
  3340 | D:8      | Reached ** piety under Makhleb
  3352 | D:8      | Reached skill level 5 in Invocations
  3733 | D:9      | Noticed a troll
  3769 | D:9      | Killed a troll
  3792 | D:9      | Reached skill level 5 in Dodging
  3808 | D:9      | Noticed a troll
  3827 | D:9      | Noticed a two-headed ogre
  3842 | D:9      | Noticed a gargoyle
  3985 | D:9      | Reached XP level 10. HP: 87/94 MP: 5/5
  4312 | D:9      | Found a sparkling altar of Nemelex Xobeh.
  4580 | D:9      | Reached *** piety under Makhleb
  4623 | D:10     | Entered Level 10 of the Dungeon
  4719 | D:10     | Noticed a skeletal warrior
  4720 | D:10     | Noticed a skeletal warrior
  4736 | D:10     | Noticed a skeletal warrior
  4790 | D:10     | Killed a skeletal warrior
  4806 | D:10     | Killed a skeletal warrior
  4811 | D:10     | Killed a skeletal warrior
  5038 | D:10     | Noticed a manticore
  5065 | D:10     | Killed a manticore
  5147 | D:10     | Noticed Erica
  5185 | D:10     | Killed Erica
  5209 | D:10     | Noticed a gargoyle
  5216 | D:10     | Reached XP level 11. HP: 101/103 MP: 1/1
  5243 | D:10     | Killed an unseen horror
  5576 | D:11     | Noticed Fannar
  5635 | D:11     | Slain by an orc warrior

Levels and vault maps discovered:
D:1:      dpeg_arrival_three_smaller_balls, layout_loops_ring, feat_on_display
D:2:      layout_loops_ring, first_ration, minmay_heptomino_o4
D:3:      layout_basic
D:4:      cheibrodos_barr_body, layout_cave_pools, feat_on_display
D:5:      layout_rooms, minmay_overflow_temple_hex, minmay_temple_entry_poolview
D:6:      layout_basic
D:7:      layout_loops_ring, the_bakery
D:8:      layout_rooms, minmay_misc_feat_alley
D:9:      wad_river_or_something, layout_basic, nemelex_altar_shiori,
          minivault_12
D:10:     layout_loops_ring, dk_noncrumbling_4, uniq_erica
D:11:     layout_basic, erik_lair_orcish_takeover, enter_bailey_2, uniq_fannar,
          uniq_grum

Skill      XL: |  1  2  3  4  5  6  7  8  9 10 11 |
---------------+----------------------------------+-----
Fighting       | 3 4 5 6 7 8 |  8.4
Axes           | 3 4 5 6 8 9 |  9.7
Dodging        | 1 2 3 4 5 6 |  6.4
Shields        | 4 5 6 7 |  7.4
Armour         | 4 5 6 7 |  7.4
Invocations    | 4 6 8 9 |  9.1

Action                   |  1- 3 |  4- 6 |  7- 9 | 10-12 || total
-------------------------+-------+-------+-------+-------++-------
Melee: War axe           |    82 |    67 |   500 |   344 ||   993
Throw: Throwing net      |       |       |       |     1 ||     1
Invok: Lesser Servant of |       |       |       |     5 ||     5
 Abil: Heal Wounds       |     1 |     7 |    19 |    20 ||    47
  Use: Scroll            |       |       |     9 |     6 ||    15
       Potion            |       |       |       |     2 ||     2
  Eat: Chunk             |       |       |    12 |    11 ||    23
Armor: Scale mail        |    41 |    23 |    85 |       ||   149
       Chain mail        |       |       |   173 |   134 ||   307
Dodge: Dodged            |    27 |    32 |   216 |   126 ||   401
Block: Kite shield       |    57 |    38 |   360 |   198 ||   653

Table legend:
 A = Non-vault XP
 B = Vault XP
 C = Vault XP percentage of total XP
 D = Non-vault monster count
 E = Vault monster count
 F = Vault count percentage of total count
                 A         B        C        D         E       F
            +---------+---------+-------+---------+---------+-------
      Total |   10831 |    2022 |  15.7 |     198 |      25 |  11.2
            +---------+---------+-------+---------+---------+-------
        D:1 |      11 |       0 |   0.0 |       7 |       0 |   0.0
        D:2 |      27 |       8 |  22.9 |       7 |       3 |  30.0
        D:3 |      67 |       0 |   0.0 |      11 |       0 |   0.0
        D:4 |     326 |     326 |  50.0 |       9 |      11 |  55.0
        D:5 |     617 |       0 |   0.0 |      25 |       0 |   0.0
        D:6 |     857 |       0 |   0.0 |      28 |       0 |   0.0
        D:7 |     416 |     234 |  36.0 |      15 |       1 |   6.2
        D:8 |     956 |       0 |   0.0 |      25 |       0 |   0.0
        D:9 |    2408 |     312 |  11.5 |      32 |       6 |  15.8
       D:10 |    4923 |     929 |  15.9 |      38 |       1 |   2.6
       D:11 |     223 |     213 |  48.9 |       1 |       3 |  75.0
            +---------+---------+-------+---------+---------+-------
